 Dungeon Crawl Stone Soup version 0.22-a0-803-gd6d8abe (webtiles) character file.

10 varam the Charlatan (level 2, -1/14 HPs)
             Began as a Spriggan Artificer on July 23, 2018.
             Killed themself with a badly aimed fireball (13 damage)
             ... on level 2 of the Dungeon.
             The game lasted 00:00:50 (88 turns).

varam the Charlatan (Spriggan Artificer)              Turns: 88, Time: 00:00:51

Health: -1/14      AC:  2    Str:  8    XL:     2   Next: 10%
Magic:  6/6        EV: 18    Int: 12    God:
Gold:   0          SH:  0    Dex: 16    Spells: 1/1 levels left

rFire    . . .     SeeInvis +   a - +0 short sword
rCold    . . .     Gourm    .   (shield restricted)
rNeg     . . .     Faith    .   b - +0 robe
rPois    .         Spirit   .   (helmet restricted)
rElec    .         Reflect  .   (no cloak)
rCorr    .         Harm     .   (gloves unavailable)
MR       .....                  (boots unavailable)
Stlth    ++........             (no amulet)
HPRegen  0.04/turn              (no ring)
MPRegen  0.10/turn              (no ring)

@: lethally poisoned (-1 -> -6), very quick
A: very small, unfitting armour, see invisible, herbivore, speed 3, slow
metabolism 2
a: no special abilities


You were on level 2 of the Dungeon.
You were not hungry.

You visited 1 branch of the dungeon, and saw 3 of its levels.

Inventory:

Hand Weapons
 a - a +0 short sword (weapon)
Armour
 b - a +0 robe (worn)
Wands
 c - a wand of flame (15)
 d - a wand of enslavement (14)
 f - a wand of random effects (14)
Comestibles
 e - 2 rations


   Skills:
 - Level 0.7 Fighting
 + Level 1.6 Short Blades
 - Level 3.0 Dodging
 + Level 2.3 Stealth
 + Level 4.3 Evocations


You had one spell level left.
You didn't know any spells.
Your spell library was empty.

Dungeon Overview and Level Annotations

Branches:
Dungeon (3/15)

Altars:


Innate Abilities, Weirdness & Mutations

You are very small and have problems with some larger weapons.
You are too small for most types of armour.
You have supernaturally acute eyesight. (SInv)
You are a herbivore.
You cover ground extremely quickly.
You need to consume almost no food.


Message History

Aiming: Enslavement
Press: ? - help, Shift-Dir - straight line, f - adder
Aim: an adder (moderately wounded, chance to defeat MR: 67%)
The adder struggles to resist.
You feel sick. The adder closely misses you.
Evoke which item? (* to show all) (? for menu, Esc to quit)
Aiming: Random Effects
Press: ? - help, Shift-Dir - straight line, f/p - adder
Aim: an adder (moderately wounded)
The puff of frost misses the adder.
The adder closely misses you.
Evoke which item? (* to show all) (? for menu, Esc to quit)
Aiming: Random Effects
Press: ? - help, Shift-Dir - straight line, f/p - adder
Aim: an adder (moderately wounded)
The fireball explodes!
The fireball engulfs the adder.
You kill the adder!
Your Stealth skill increases to level 2!
You have reached level 2!
The fireball engulfs you!
Ouch! That really hurt!
You die...

......>................
###############.........
.................
#######..........
#.......... #..........
#...?...... #..........
#..@....... #...†$.....
#.......... #.#####....
#+# .... .. .


There were no monsters in sight!

Vanquished Creatures
  An adder (D:2)
  A hobgoblin (D:1)
2 creatures vanquished.

Notes
Turn   | Place    | Note
-------+----------+-------------------------------------------
     0 | D:1      | varam the Spriggan Artificer began the quest for the Orb.
     0 | D:1      | Reached XP level 1. HP: 9/9 MP: 4/4
    55 | D:3      | Noticed an orc priest
    56 | D:3      | Noticed an orc priest
    88 | D:2      | Reached XP level 2. HP: 12/14 MP: 6/6
    88 | D:2      | Killed themself with a badly aimed fireball

Vault maps used:
D:1:      nzn_arrival_depleted_hourglass, minmay_misc_feat_more_columns,
          xom_teletrap_fun
D:2:      uniq_crazy_yiuf_cottage
D:3:      nicolae_overflow_hidden_temple, ebering_ghost_sewer_f, uniq_grinder

Skill      XL: |  1 |
---------------+----+-----
Stealth        | 2 |  2.3
Fighting       | |  0.7
Short Blades   | |  1.6
Dodging        | |  3.0
Evocations     | |  4.3

Action                   || total
-------------------------++-------
Melee: Short sword       ||     5
Evoke: Wand              ||     2
 Stab: Sleeping          ||     1
Dodge: Dodged            ||     7

Table legend:
 A = Spawn XP
 B = Non-spawn XP
 C = Spawn XP percentage of total XP
 D = Spawn monster count
 E = Non-spawn monster count
 F = Spawn count percentage of total count
 G = Total turns spent on level
                    A         B        C        D         E        F      G
               +---------+---------+-------+---------+---------+-------+---------
         Total |       0 |      15 |   0.0 |       0 |       2 |   0.0 |    88
               +---------+---------+-------+---------+---------+-------+---------
           D:1 |       0 |       2 |   0.0 |       0 |       1 |   0.0 |    43
           D:2 |       0 |      13 |   0.0 |       0 |       1 |   0.0 |    39
               +---------+---------+-------+---------+---------+-------+---------
